 Dungeon Crawl Stone Soup version 0.27.0-1-g7a089689b8 (webtiles) character file.

Game seed: 1728182801528710596

48484 rogsnak the Devastator (level 14, -2/108 HPs)
             Began as a Pale Draconian Fire Elementalist on Aug 12, 2021.
             Was a High Priest of Sif Muna.
             Shot with a bolt by a yaktaur (25 damage)
             ... on level 14 of the Dungeon on Aug 13, 2021.
             The game lasted 01:08:40 (19212 turns).

rogsnak the Devastator (DrFE)                      Turns: 19212, Time: 01:08:41

Health: -2/108     AC: 13    Str: 10    XL:     14   Next: 12%
Magic:  22/29      EV: 18    Int: 31    God:    Sif Muna [*****.]
Gold:   612        SH:  0    Dex: 12    Spells: 18/36 levels left

rFire    . . .     SeeInvis +   R - +7 morningstar "Bydag" {freeze, +Blink Int+4 SInv}
rCold    . . .     Faith    .   (no shield)
rNeg     . . .     Spirit   .   (armour unavailable)
rPois    .         Reflect  .   (helmet restricted)
rElec    .         Harm     .   q - +0 cloak
rCorr    .         Rampage  .   y - +0 pair of gloves
Will     +....                  p - +2 pair of boots {Fly}
Stlth    ++........             c - amulet of regeneration
HPRegen  1.28/turn              b - +4 ring of evasion
MPRegen  0.21/turn              T - +6 ring of intelligence

@: lethally poisoned (-2 -> -2), short of breath, flying
A: breathe steam, AC +8, unfitting armour, cold-blooded, steam resistance
a: Breathe Steam, Renounce Religion, Evoke Blink, Channel Magic, Forget Spell,
Divine Exegesis


You were on level 14 of the Dungeon.
You worshipped Sif Muna.
Sif Muna was extremely pleased with you.
You visited 2 branches of the dungeon, and saw 15 of its levels.
You also visited: Gauntlet.

You collected 829 gold pieces.
You spent 217 gold pieces at shops.

Inventory:

Hand Weapons
 a - the +8 hand axe of the Beast {vorpal, rF+}
   (You found it on level 13 of the Dungeon)

   It inflicts extra damage upon your enemies.
   rF:        It protects you from fire.
 v - the +4 spear of Karma {holy, rN++ Will- rCorr Int+4}
   (You found it on level 4 of the Dungeon)

   It has been blessed by the Shining One to cause great damage to the undead
   and demons.
   Int:       It affects your intelligence (+4).
   rN:        It greatly protects you from negative energy.
   rCorr:     It protects you from acid and corrosion.
   Will:      It decreases your willpower.
 B - a +7 vorpal triple sword
 J - the +8 dagger "Eweatiust" {freeze, Fragile rPois rC+}
   (You found it on level 7 of the Dungeon)

   It freezes those it strikes, dealing additional cold damage.
   It can also slow down cold-blooded creatures.
   rC:        It protects you from cold.
   rPois:     It protects you from poison.
   Fragile:   It will be destroyed if unequipped.
 R - the +7 morningstar "Bydag" (weapon) {freeze, +Blink Int+4 SInv}
   (You found it on level 9 of the Dungeon)

   It freezes those it strikes, dealing additional cold damage.
   It can also slow down cold-blooded creatures.
   Int:       It affects your intelligence (+4).
   SInv:      It lets you see invisible.
   +Blink:    It lets you blink.
Missiles
 u - 2 curare-tipped darts (quivered)
 X - 11 silver javelins
Armour
 p - a +2 pair of boots of flying (worn)
 q - a +0 cloak (worn)
 y - a +0 pair of gloves (worn)
 P - the +2 buckler of the Trout {rN+ Str+3 Int-5}
   (You found it on level 8 of the Dungeon)

   Str:       It affects your strength (+3).
   Int:       It affects your intelligence (-5).
   rN:        It protects you from negative energy.
Magical Staves
 g - a staff of air
 F - a staff of earth
Jewellery
 b - a +4 ring of evasion (left hand)
 c - an amulet of regeneration (around neck)
 s - a ring of resist corrosion
 t - an amulet of reflection
 w - a ring of positive energy
 H - a +4 ring of slaying
 T - a +6 ring of intelligence (right hand)
 Y - the ring "Tiull" {+Blink Fly Int-3 Dex+6 Stlth+}
   (You found it in a Gauntlet)

   [ring of dexterity]

   Int:       It affects your intelligence (-3).
   Dex:       It affects your dexterity (+6).
   Fly:       It grants you flight.
   +Blink:    It lets you blink.
   Stlth:     It makes you more stealthy.
Wands
 d - a wand of acid (16)
 f - a wand of polymorph (5)
 D - a wand of iceblast (4)
 Z - a wand of digging (6)
Scrolls
 e - 7 scrolls of teleportation {unknown}
 j - 9 scrolls of identify {unknown}
 k - 2 scrolls of amnesia {unknown}
 x - 5 scrolls of noise {unknown}
 A - a scroll of torment {unknown}
 I - 4 scrolls of magic mapping {unknown}
 K - 3 scrolls of blinking {unknown}
 N - a scroll of enchant weapon {unknown}
 Q - 2 scrolls of fear {unknown}
 S - 2 scrolls of vulnerability {unknown}
 U - 2 scrolls of immolation {unknown}
 V - a scroll of silence {unknown}
 W - 2 scrolls of enchant armour {unknown}
Potions
 h - 3 potions of attraction {unknown}
 i - a potion of ambrosia {unknown}
 l - a potion of brilliance {unknown}
 m - 7 potions of curing
 n - 2 potions of magic {unknown}
 o - 4 potions of heal wounds {unknown}
 r - 4 potions of haste
 z - 4 potions of might {unknown}
 C - 3 potions of cancellation {unknown}
 E - a potion of degeneration {unknown}
 G - 3 potions of mutation {unknown}
 L - a potion of resistance {unknown}
 O - a potion of invisibility {unknown}
Miscellaneous
 M - a piece from Xom's chessboard (15/15)


   Skills:
 + Level 5.7 Fighting
 + Level 5.8 Dodging
 - Level 1.7 Stealth
 + Level 11.6 Spellcasting
 * Level 15.1 Conjurations
 + Level 0.5 Transmutations
 + Level 12.2 Fire Magic
 * Level 5.9 Earth Magic
 + Level 0.3 Evocations


You had 18 spell levels left.
You knew the following spells:

 Your Spells              Type           Power      Damage    Failure   Level
a - Foxfire               Conj/Fire      100%       2x1d9     0%          1
b - Sticky Flame          Conj/Fire      80%        2d9       1%          4
c - Fireball              Conj/Fire      40%        3d16      1%          5
d - Irradiate             Conj/Tmut      30%        3d23      3%          5
e - Ozocubu's Armour      Ice            18%        N/A       9%          3

Your spell library contained the following spells:

 Spells                   Type           Power      Damage    Failure   Level
 Conjure Flame            Conj/Fire      80%        6-21      1%          3
 Inner Flame              Hex/Fire       54%        N/A       1%          3
 Beastly Appendage        Tmut           42%        N/A       2%          1
 Sting                    Tmut/Pois      76%        1d6       2%          1
 Summon Small Mammal      Summ           72%        N/A       2%          1
 Sublimation of Blood     Necr           9%         N/A       4%          2
 Petrify                  Tmut/Erth      38%        N/A       7%          4
 Portal Projectile        Hex/Tloc       36%        N/A       9%          3
 Olgreb's Toxic Radiance  Pois           18%        N/A       28%         4
 Blade Hands              Tmut           10%        N/A       52%         5
 Yara's Violent Unravell  Hex/Tmut       9%         3d6       56%         5
 Excruciating Wounds      Necr           9%         N/A       61%         5
 Ignition                 Fire           38%        3d11      77%         8
 Haunt                    Necr/Summ      9%         N/A       100%        7
 Malign Gateway           Summ/Tloc      9%         N/A       100%        7
 Ozocubu's Refrigeration  Ice            9%         4d6       100%        7


Dungeon Overview and Level Annotations

Branches:
Dungeon (14/15)            Temple (1/1) D:7            Lair (0/6) D:8
    Orc (0/2) D:10         Vaults (0/5) D:13        Gauntlet (visited)

Altars:
Ashenzari
Cheibriados
Dithmenos
Elyvilon
Fedhas
Gozag
Hepliaklqana
Kikubaaqudgha
Makhleb
Okawaru
Qazlal
Ru
Sif Muna
Trog
Vehumet
Wu Jian
Xom
Yredelemnul
Zin
The Shining One

Shops:
D:4 !   D:8 [*   D:11 [[*


Innate Abilities, Weirdness & Mutations

You can breathe blasts of scalding, opaque steam.
Your pale cyan-grey scales are hard. (AC +8)
You cannot fit into any form of body armour.
You are cold-blooded and may be slowed by cold attacks.
You are immune to the effects of steam.


Message History

Confirm with . or Enter, or press ? or * to list all spells.
Aiming: Sticky Flame (safe; 1% risk of failure)
Press: ? - help, Shift-Dir - straight line, f/p - wolf spider
Aim: a wolf spider (severely wounded, ally target, 100% to hit)
The sticky flame hits the wolf spider!
The wolf spider is almost dead.
The wolf spider is covered in liquid flames!
The wolf spider burns!
A yaktaur comes into view.
You barely miss the wolf spider.
The wolf spider is almost dead.
The wolf spider burns!
The wolf spider completely misses you. The wolf spider bites you.
You are poisoned.
The wolf spider poisons you! The wolf spider closely misses you.
The wolf spider bites you.
You are more poisoned.
The wolf spider poisons you! The wolf spider hits you.
The wolf spider bites you but does no damage.
Your foxfire dissipates!
You feel extremely sick.
The wolf spider burns!
You kill the wolf spider!
Sif Muna accepts your kill.
The yaktaur wields a +0 arbalest.
The yaktaur shoots a bolt.
The bolt hits you!
Unknown command.
You feel extremely sick.
You feel extremely sick.
Items here: ( )) [.
You feel extremely sick.
You feel extremely sick.
You start resting.
You feel very sick. x4
You feel sick. x2
A yaktaur is nearby!
Press: ? - help, Shift-Dir - straight line, f - yaktaur
Aim: a yaktaur, wielding a +0 arbalest and quivering bolts You exhale a blast of scalding steam.
You feel sick.
The yaktaur shoots a bolt.
The bolt hits you!!
You die...

#....## #......# #># #.#
##....####..##### #.# #.#
##.....##...# #.# #.#
#.#...##.#.### #.# #.##
##.###(...#...# #.# #..#
###..# #.#......# #.# ##.#
..#.####.#.###c.####.####.#
#............§§§()........#
.##)#####.#...^#@..#.###..#
.##[# #.##.######### ####
.##(# ##.##.#..#
...<####..###†#
.###)..#.###.#.# .# #...#.#
## #.# .# #.....# #.#
.###...### #.# .......# #c#


You could see a yaktaur.

Vanquished Creatures
  A minotaur (Gauntlet)
  2 boulder beetles
  A hydra (D:13)
  9 centaur warriors
  A death knight (D:12)
  5 two-headed ogres
  5 death yaks (D:7)
  3 tengu warriors
  Sonja (D:13)
  2 orc knights
  3 wizards
  2 deep elf pyromancers
  A manticore (D:14)
  7 ugly things
  A wolf spider (D:14)
  3 cyclopes
  A moth of wrath (Gauntlet)
  An ice statue (Gauntlet)
  2 unseen horrors
  A freezing wraith (D:12)
  5 kobold demonologists
  A yaktaur (D:14)
  2 rime drakes (Gauntlet)
  2 komodo dragons (D:12)
  A yaktaur (shapeshifter) (D:14)
  A tengu conjurer (D:13)
  A troll (D:13)
  A wolf spider simulacrum (D:14)
  A merfolk (D:9)
  A troll (shapeshifter) (D:14)
  3 meliai (D:13)
  13 slime creatures
  A hornet (D:9)
  Sigmund (D:2)
  A centaur simulacrum (D:14)
  A shadow (D:6)
  5 wraiths
  A wyvern (D:10)
  A steam dragon (D:7)
  Eustachio (D:6)
  24 yaks
  16 humans (D:13)
  7 vampire mosquitoes (D:13)
  Menkaure (D:4)
  A water moccasin (D:7)
  6 orc warriors
  A sky beast (D:6)
  A necrophage (D:7)
  3 black bears
  An ogre (D:4)
  4 boggarts (D:14)
  An ice beast (D:6)
  4 wolves (Gauntlet)
  6 centaurs
  2 phantoms
  Blork the orc (D:6)
  2 bullfrogs
  A gnoll sergeant (D:8)
  2 scorpions (D:5)
  2 water moccasin zombies
  2 water moccasin skeletons
  5 killer bees (D:10)
  10 wights
  An electric eel (D:11)
  4 howler monkeys
  2 centaur zombies
  A hound (D:4)
  4 jellies
  Crazy Yiuf (D:2)
  2 gnoll shamans (D:8)
  4 orc priests
  A centaur skeleton (D:6)
  Natasha (thrice) (D:2)
  2 iguanas
  15 orc wizards
  A scorpion zombie (D:5)
  2 hound skeletons (D:4)
  A howler monkey zombie (D:8)
  23 gnolls
  6 adders
  2 howler monkey skeletons
  2 shadow imps (Gauntlet)
  5 white imps
  3 dart slugs
  42 orcs
  6 bats
  6 endoplasms
  4 giant cockroaches
  8 goblins
  5 hobgoblins
  7 jackals (D:3)
  5 quokkas
  6 ball pythons
  5 frilled lizards
  7 kobolds
  4 rats
  A butterfly (D:8)
390 creatures vanquished.

Vanquished Creatures (collateral kills)
  A foxfire (D:2)
1 creature vanquished.

Vanquished Creatures (others)
  A deep elf pyromancer (D:11)
  1011 foxfires
1012 creatures vanquished.

Grand Total: 1403 creatures vanquished

Notes
Turn   | Place    | Note
-------+----------+-------------------------------------------
     0 | D:1      | rogsnak the Draconian Fire Elementalist began the quest for
                  | the Orb.
     0 | D:1      | Reached XP level 1. HP: 14/14 MP: 3/3
   295 | D:1      | Reached XP level 2. HP: 20/20 MP: 0/5
  1093 | D:1      | Reached XP level 3. HP: 26/26 MP: 3/6
  1353 | D:1      | Reached skill level 2 in Conjurations
  1388 | D:2      | Reached XP level 4. HP: 33/33 MP: 2/7
  1668 | D:2      | Noticed Natasha
  1676 | D:2      | Killed Natasha
  2091 | D:2      | Noticed Natasha
  2102 | D:2      | Killed Natasha
  2103 | D:2      | Reached XP level 5. HP: 33/38 MP: 1/9
  2198 | D:2      | Noticed Natasha
  2288 | D:2      | Noticed Sigmund
  2295 | D:2      | Learned a level 4 spell: Sticky Flame
  2301 | D:2      | Killed Sigmund
  2302 | D:2      | Reached skill level 3 in Conjurations
  2302 | D:2      | Reached XP level 6. HP: 40/46 MP: 5/11
  2356 | D:2      | Learned a level 5 spell: Fireball
  2356 | D:2      | Found a runed translucent door.
  2357 | D:2      | Noticed Crazy Yiuf
  2371 | D:2      | Killed Crazy Yiuf
  2469 | D:2      | Killed Natasha
  2788 | D:3      | Reached skill level 4 in Conjurations
  2856 | D:3      | Reached skill level 1 in Fighting
  3365 | D:4      | Noticed Menkaure
  3380 | D:4      | Killed Menkaure
  3381 | D:4      | Reached skill level 5 in Fire Magic
  3381 | D:4      | Your scales start taking on a pale cyan-grey colour.
  3381 | D:4      | Reached XP level 7. HP: 46/52 MP: 3/13
  3381 | D:4      | Gained mutation: You are immune to the effects of steam.
                  | [Pale Draconian growth]
  3634 | D:4      | Reached skill level 5 in Conjurations
  3688 | D:4      | Got the Collected Works on Supportive Dislocation
  3762 | D:4      | Found Learos's Distillery.
  3906 | D:4      | Identified the +4 spear of Karma {holy, rN++ Will- rCorr
                  | Int+4}
  4556 | D:5      | Entered Level 5 of the Dungeon
  4643 | D:5      | Reached XP level 8. HP: 54/59 MP: 6/15
  4841 | D:5      | Reached skill level 5 in Spellcasting
  4844 | D:5      | Reached skill level 6 in Conjurations
  5120 | D:5      | Reached skill level 7 in Conjurations
  5580 | D:5      | Identified the +5 ring mail of Experimentation {rC+ Will+}
  5930 | D:6      | Noticed Blork the orc
  5930 | D:6      | Noticed Eustachio
  6014 | D:6      | Killed Blork the orc
  6092 | D:6      | Killed Eustachio
  6268 | D:6      | Reached XP level 9. HP: 67/67 MP: 15/17
  6533 | D:6      | Reached skill level 8 in Conjurations
  7298 | D:7      | Found a broken altar of Ashenzari.
  7301 | D:7      | Found a glowing silver altar of Zin.
  7610 | D:7      | Found a staircase to the Ecumenical Temple.
  7619 | Temple   | Entered the Ecumenical Temple
  7701 | Temple   | Became a worshipper of Sif Muna the Loreminder
  7905 | D:7      | Identified the +8 dagger "Eweatiust" {freeze, Fragile rPois
                  | rC+}
  8250 | D:8      | Noticed a death yak
  8250 | D:8      | Noticed a death yak
  8255 | D:8      | Noticed a death yak
  8294 | D:8      | Found a shimmering altar of Xom.
  8295 | D:8      | Found Mownumny's Armour Shop.
  8297 | D:8      | Noticed a death yak
  8309 | D:8      | Found an iron altar of Okawaru.
  8320 | D:8      | Noticed a death yak
  8367 | D:7      | Killed a death yak
  8368 | D:7      | Reached skill level 9 in Conjurations
  8479 | D:7      | Killed a death yak
  8480 | D:7      | Reached XP level 10. HP: 74/74 MP: 13/20
  8522 | D:8      | Found a staircase to the Lair.
  8556 | D:8      | Noticed a two-headed ogre
  8633 | D:8      | Killed a two-headed ogre
  8670 | D:8      | Found Qapparcha's Mass Market.
  8694 | D:8      | Noticed a two-headed ogre
  8754 | D:8      | Killed a two-headed ogre
  8755 | D:8      | Reached skill level 10 in Conjurations
  8830 | D:7      | Killed a death yak
  8965 | D:7      | Killed a death yak
  9023 | D:7      | Killed a death yak
  9111 | D:8      | Identified the +2 buckler of the Trout {rN+ Str+3 Int-5}
  9469 | D:9      | Identified the +7 morningstar "Bydag" {freeze, +Blink Int+4
                  | SInv}
  9596 | D:9      | Reached XP level 11. HP: 82/82 MP: 10/23
  9736 | D:9      | Reached skill level 11 in Conjurations
  9756 | D:9      | Reached * piety under Sif Muna
 10404 | D:9      | Noticed a centaur warrior
 10409 | D:9      | Killed a centaur warrior
 11233 | D:10     | Entered Level 10 of the Dungeon
 11283 | D:10     | Found a staircase to the Orcish Mines.
 11318 | D:10     | Reached skill level 10 in Fire Magic
 11423 | D:10     | Noticed a two-headed ogre
 11423 | D:10     | Noticed a two-headed ogre
 11527 | D:10     | Reached ** piety under Sif Muna
 11719 | D:10     | Reached skill level 12 in Conjurations
 12362 | D:11     | Noticed a two-headed ogre
 12369 | D:11     | Killed a two-headed ogre
 12393 | D:11     | Found Fefis's Antique Armour Boutique.
 12394 | D:11     | Found Sulaop's Armour Emporium.
 12400 | D:11     | Bought a pair of runed boots for 217 gold pieces
 12443 | D:11     | Noticed a deep elf pyromancer
 12447 | D:11     | Killed a deep elf pyromancer
 12454 | D:11     | Found Qeud's General Store.
 12549 | D:11     | Noticed a boulder beetle
 12556 | D:11     | Noticed a white ugly thing
 12567 | D:11     | Killed a boulder beetle
 12568 | D:11     | Reached XP level 12. HP: 55/92 MP: 8/25
 12645 | D:11     | Found a gate leading to a gauntlet.
 12693 | Gauntlet | Entered a Gauntlet
 12693 | Gauntlet | Found a transporter.
 12693 | Gauntlet | Found a transporter.
 12693 | Gauntlet | Found a transporter.
 12700 | Gauntlet | Learned a level 5 spell: Irradiate
 12700 | Gauntlet | Found a transporter.
 12701 | Gauntlet | Found a transporter.
 12713 | Gauntlet | Noticed a catoblepas
 12742 | Gauntlet | Found a transporter.
 12742 | Gauntlet | Noticed a death scarab
 12745 | Gauntlet | Found a transporter.
 12751 | Gauntlet | Noticed a death scarab
 12753 | Gauntlet | Found a transporter.
 12753 | Gauntlet | Noticed a death scarab
 12772 | Gauntlet | Found a transporter.
 12776 | Gauntlet | Found a transporter.
 12778 | Gauntlet | Found a transporter.
 12786 | Gauntlet | Found a transporter.
 13034 | Gauntlet | Reached skill level 1 in Earth Magic
 13035 | Gauntlet | Reached skill level 5 in Dodging
 13150 | Gauntlet | Reached *** piety under Sif Muna
 13236 | Gauntlet | Noticed a minotaur
 13240 | Gauntlet | Killed a minotaur
 13241 | Gauntlet | Reached skill level 13 in Conjurations
 13247 | Gauntlet | Identified the ring "Tiull" {+Blink Fly Int-3 Dex+6 Stlth+}
 13248 | Gauntlet | Got the Incunabulum of Enchantment and Transmutation
 13485 | D:11     | Identified the +1 plate armour of the Hart {Will++ Str-5
                  | Dex+6}
 13501 | D:11     | Reached skill level 10 in Spellcasting
 14159 | D:12     | Noticed a death knight
 14199 | D:12     | Killed a death knight
 15079 | D:13     | Identified the +8 hand axe of the Beast {vorpal, rF+}
 15762 | D:13     | Noticed a centaur warrior
 15769 | D:13     | Killed a centaur warrior
 15770 | D:13     | Reached skill level 5 in Fighting
 15881 | D:13     | Reached XP level 13. HP: 92/100 MP: 22/27
 15972 | D:13     | Reached **** piety under Sif Muna
 16208 | D:13     | Found a gate to the Vaults.
 16274 | D:13     | Reached skill level 14 in Conjurations
 16623 | D:13     | Noticed Sonja
 16627 | D:13     | Killed Sonja
 17382 | D:13     | Reached skill level 5 in Earth Magic
 18505 | D:14     | Learned a level 3 spell: Ozocubu's Armour
 18697 | D:14     | Reached XP level 14. HP: 108/108 MP: 18/29
 18767 | D:14     | Reached ***** piety under Sif Muna
 18891 | D:14     | Reached skill level 15 in Conjurations
 19212 | D:14     | Shot with a bolt by a yaktaur

Illustrated notes

Levels and vault maps discovered:
D:1:      dpeg_arrival_rhombi, layout_rooms, serial_curves, eino_curves_01,
          eino_curves_02, eino_curves_04, eino_curves_02
D:2:      layout_loops_ring, grunt_decor_arrowhead, kennysheep_generic_room_10,
          uniq_crazy_yiuf_cottage, uniq_sigmund, uniq_natasha
D:3:      layout_rooms, grunt_decor_clamped
D:4:      layout_cave_pods, serial_shops, nicolae_shop_stone, uniq_menkaure
D:5:      minmay_general_purpose_star, layout_loops_cross, minivault_25
D:6:      layout_basic, serial_curves, eino_curves_03, eino_curves_04,
          uniq_blork_the_orc, uniq_eustachio
D:7:      layout_cave_pods, mainiacjoe_overflow_catch_the_wave,
          minmay_temple_entry_statues_pillars
D:8:      layout_layer_cave, okawaru_gym_becter, xom_butterflies,
          dpeg_lair_monsters, serial_shops, nicolae_shop_crystal,
          minmay_shop_mass, hangedman_minor_gate_pass
D:9:      layout_stronghold, hangedman_fish_farm
D:10:     layout_loops_cross, erik_orc_4
D:11:     layout_basic, serial_shops, shop, shop, nicolae_shop_trees,
          gauntlet_entry_generic
D:12:     layout_loops_ring
D:13:     layout_stronghold, david_vaults_3, uniq_sonja
D:14:     minmay_tearing_corner, layout_rooms,
          ploomutoo_gammafunk_ghost_potion_laboratory, amcnicky_mini_pool_small,
          kennysheep_two_boxes
Temple:   dpeg_five_rooms_temple

Skill      XL: |  1  2  3  4  5  6  7  8  9 10 11 12 13 14 |
---------------+-------------------------------------------+-----
Dodging        | 2 3 4 5 |  5.8
Conjurations   | 2 3 4 5 7 9 10 12 13 14 15 | 15.1
Fire Magic     | 4 5 6 8 9 10 11 12 | 12.2
Spellcasting   | 3 4 5 7 8 9 10 11 | 11.6
Fighting       | 1 2 3 4 5 |  5.7
Earth Magic    | 3 5 |  5.9
Stealth        | |  1.7
Transmutations | |  0.5
Evocations     | |  0.3

Action                   |  1- 3 |  4- 6 |  7- 9 | 10-12 | 13-15 || total
-------------------------+-------+-------+-------+-------+-------++-------
Melee: Unarmed           |     2 |       |       |       |       ||     2
       Tailslap          |     4 |     3 |    10 |    17 |     8 ||    42
       Whip              |    15 |    23 |       |       |       ||    38
       Quarterstaff      |       |    14 |     1 |       |       ||    15
       Spear             |       |       |   101 |    23 |       ||   124
       Morningstar       |       |       |       |   131 |    80 ||   211
Throw: Dart              |       |       |       |       |     1 ||     1
 Cast: Foxfire           |    60 |    92 |   166 |   244 |    49 ||   611
       Sticky Flame      |       |     2 |    15 |    62 |    44 ||   123
       Fireball          |       |       |     3 |    53 |    55 ||   111
       Irradiate         |       |       |       |       |     3 ||     3
 Abil: Breathe Steam     |       |       |     2 |    26 |    17 ||    45
       Evoke Blink       |       |       |       |       |     1 ||     1
Evoke: Wand              |       |       |       |       |     1 ||     1
 Stab: Sleeping          |       |     3 |     2 |       |       ||     5
Armor: Skin              |     2 |     9 |    19 |    49 |    50 ||   129
Dodge: Dodged            |    20 |    44 |    97 |   160 |   123 ||   444
